 Dungeon Crawl Stone Soup version 0.18-a0-844-g9229740 (webtiles) character file.

183121 George the Fencer (level 17, -5/154 HPs)
             Began as a Minotaur Fighter on Dec 17, 2015.
             Was the Champion of Pakellas.
             Killed themself with a bounced bolt of cold (49 damage)
             ... on level 4 of the Abyss on Dec 18, 2015.
             The game lasted 02:18:38 (29805 turns).

George the Fencer (Minotaur Fighter)               Turns: 29805, Time: 02:18:38

Health: -5/154     AC: 25    Str: 20 (21) XL:     17   Next: 73%
Magic:  14/26      EV: 12    Int:  7      God:    Pakellas [******]
Gold:   2934       SH: 14    Dex: 13      Spells: 0 memorised, 16 levels left

rFire  + + +     SeeInvis +     J - +6 rod of destruction (6/14)
rCold  . . .     Gourm    .     H - +2 plate armour {rF+}
rNeg   + . .     Faith    .     c - +1 shield
rPois  +         Spirit   .     (helmet restricted)
rElec  .         Dismiss  .     V - +0 cloak
rCorr  +         Reflect  .     P - +2 pair of gloves of the Wilderness {rF++ rCorr}
SustAt .         Harm     .     a - +0 pair of boots "Azounor" {*Corrode rPois Regen+ Int+4}
MR     +....                    w - amulet of regeneration
Stlth  ..........               v - ring of see invisible
                                s - ring of positive energy

@: glowing, somewhat resistant to hostile enchantments, extremely unstealthy
A: retaliatory headbutt, horns 2, blurry vision 3, clumsy 1, deterioration 1,
dopey 1, screaming 1, weak 1, MP-powered wands
a: Quick Charge, Device Surge, Supercharge, Renounce Religion


You were on level 4 of the Abyss.
You worshipped Pakellas.
Pakellas was exalted by your worship.
You were near starving.

You visited 6 branches of the dungeon, and saw 31 of its levels.
You visited the Abyss 1 time.
You visited 1 bazaar.
You also visited: Ice Cave.

You collected 3714 gold pieces.
You spent 780 gold pieces at shops.

Inventory:

Hand Weapons
 F - the +8 long sword of the Fulmar {slice, +Inv rElec MR+ Dex+3}
   (You found it on level 4 of the Dungeon)

   It inflicts extra damage upon your enemies.
   It affects your dexterity (+3).
   It insulates you from electricity.
   It affects your resistance to hostile enchantments.
   It lets you turn invisible.
Armour
 a - the +0 pair of boots "Azounor" (worn) {*Corrode rPois Regen+ Int+4}
   (You found it on level 7 of the Lair of Beasts)

   It affects your intelligence (+4).
   It protects you from poison.
   It increases your rate of regeneration.
   It may corrode your equipment when you take damage.
 c - a +1 shield (worn)
 H - a +2 plate armour of fire resistance (worn)
 P - the +2 pair of gloves of the Wilderness (worn) {rF++ rCorr}
   (You acquired it on level 3 of the Snake Pit)

   It greatly protects you from fire.
   It protects you from acid and corrosion.
 V - a +0 cloak (worn)
Rods
 J - a +6 rod of destruction (6/14) (weapon)
   (Pakellas gifted it to you on level 11 of the Dungeon)
 M - a +2 rod of inaccuracy (12/12)
   (Pakellas gifted it to you on level 1 of the Snake Pit)
Jewellery
 s - a ring of positive energy (left hand)
 v - a ring of see invisible (right hand)
 w - an amulet of regeneration (around neck)
Wands
 p - a wand of fire (9)
 q - a wand of digging (15)
 r - a wand of enslavement (10)
 z - a wand of slowing (28)
 A - a wand of fireball (3)
 E - a wand of paralysis (16)
 G - a wand of invisibility (7)
 L - a wand of draining (12)
 N - a wand of confusion (28)
 O - a wand of disintegration (5)
 Z - a wand of teleportation (7)
Scrolls
 e - 2 scrolls of fear
 g - 10 scrolls of remove curse
 i - 2 scrolls of summoning
 j - 3 scrolls of recharging
 x - 6 scrolls of enchant weapon
 y - 3 scrolls of enchant armour
 C - 8 scrolls of blinking
 T - a scroll of brand weapon
 X - 14 scrolls of identify
 Y - 9 scrolls of teleportation
Potions
 b - 3 potions of heal wounds
 d - 3 potions of might
 k - 4 potions of flight
 m - 16 potions of curing
 n - 2 potions of cancellation
 o - 4 potions of haste
 t - 3 potions of agility
 S - a potion of resistance
 U - 3 potions of magic
Miscellaneous
 h - a fan of gales
 u - a stone of tremors
 B - a box of beasts
 I - a sack of spiders
 K - a lamp of fire
 Q - a phial of floods
Comestibles
 f - 10 bread rations
 l - 12 meat rations
 D - 29 fruits
 R - 3 beef jerkies


   Skills:
 + Level 14.4 Fighting
 + Level 18.5 Long Blades
 + Level 14.2 Armour
 + Level 12.5 Dodging
 + Level 14.2 Shields
 * Level 14.6 Evocations


You had 16 spell levels left.
You didn't know any spells.

Dungeon Overview and Level Annotations

Branches:
Dungeon (15/15)            Temple (1/1) D:5            Lair (8/8) D:10
 Shoals (2/4) Lair:5        Snake (3/4) Lair:4        Slime (0/6) Lair:8
    Orc (2/2) D:11            Elf (0/3) Orc:2        Vaults (0/5) D:14
 Depths (0/5) D:15

Altars:
Ashenzari
Cheibriados
Dithmenos
Elyvilon
Fedhas
Gozag
Kikubaaqudgha
Makhleb
Nemelex Xobeh
Okawaru
Pakellas
Qazlal
Ru
Sif Muna
Trog
Vehumet
Xom
Yredelemnul
Zin
The Shining One
Beogh
Jiyva

Shops:
D:9 }   Orc:2 [*(=   Shoals:1 [

Portals:
Trove: D:12 (give +3 gold dragon armour)

Annotations:
D:7 exclusion: oklob plant
Shoals:2 Louise


Innate Abilities, Weirdness & Mutations

You reflexively headbutt those who attack you in melee.
You have a pair of horns on your head.
You expend magic power (3 MP) to strengthen your wands.
[Scrolls take you much longer to read.]
[You are clumsy. (Dex -2)]
[Your body sometimes deteriorates upon taking damage.]
[You are dopey. (Int -2)]
[You occasionally shout uncontrollably at your foes.]
[You are weak. (Str -2)]


Message History

Aim: an angel, wielding a whip of holy wrath and wearing a robe (haloed)
You hear a mighty clap of thunder!
The bolt of lightning misses the angel.
The bolt of lightning hits the angel.
The angel resists.
The angel is lightly wounded.
The bolt of lightning misses you. The bolt of lightning hits you!
* * * LOW HITPOINT WARNING * * *
You hear a bark!
You hear a shout!
You hear a bark!
You hear a shout!
You hear a shout! x2
You hear two shouts!
You hear a shout!
Something shouts, "Take thy face hence, thou frothy toenail-biting foot-licker!"
The angel closely misses you. You block the angel's attack.
You block the angel's attack. The angel hits you but does no damage.
Aiming: Random Bolt
Press: ? - help, Shift-Dir - straight line, f/p - angel
Aim: an angel, wielding a whip of holy wrath and wearing a robe (lightly wounded, haloed)
The bolt of cold misses the angel.
The bolt of cold hits the angel.
The angel is moderately wounded.
The bolt of cold hits you!
You die...

## ≈≈ # #⌠
≈≈ . # .#.
## §. #
#..## .# #
...# .... .
.# . #..#.
. # # *
..## ## ...
.L ####.#
#.. # # #@#
# # . .
...X##A##.#
. .. . # ##
...# # ..*
.. # # # #
.## . . §.
# .# .###.
.. # .. #
..# # # # #


You could see an angel.

Vanquished Creatures
  A bone dragon (Abyss:4)
  A lich (Abyss:4)
  Rupert (Orc:1)
  3 tentacled starspawn (Abyss:4)
  Frances (D:14)
  2 greater nagas
  Donald (Orc:1)
  An orc warlord (Orc:1)
  Aizul (Snake:2)
  An angel (Abyss:4)
  The ghost of conein the Warrior, a journeyman MiFi of Okawaru (Lair:5)
  The ghost of confidenceinterval the Fighter, a journeyman MiFi of Pakellas (Lair:2)
  A stone giant (Orc:1)
  Nessos (D:12)
  A blizzard demon (Abyss:4)
  2 merfolk impalers (Shoals:1)
  3 fire dragons
  A rakshasa (Abyss:4)
  A vault guard (D:12)
  The ghost of tof the Protected, a journeyman MiMo of Trog (Orc:2)
  3 ice dragons
  2 catoblepae
  6 naga warriors
  3 hydras
  8 anacondas
  A merfolk avatar (Shoals:2)
  2 dancing weapons (D:14)
  3 centaur warriors
  A death yak (Lair:6)
  A tengu warrior (D:13)
  4 orc high priests (Orc:2)
  An ogre mage (D:15)
  10 naga sharpshooters
  A thrashing horror (Abyss:4)
  2 shock serpents
  3 wretched stars (Abyss:4)
  Nergalle (D:10)
  The ghost of WhatIsLove the Protected, a novice DsGl of Okawaru (D:7)
  2 salamander mystics
  4 naga ritualists
  2 sea snakes (Shoals:1)
  2 lindwurms (Lair:8)
  4 hill giants
  Pikel (D:7)
  21 harpies (Shoals:1)
  6 orc knights
  A necromancer (Lair:7)
  9 salamanders
  A wizard (D:11)
  A shadow demon (Abyss:4)
  4 deep elf magi
  7 orc sorcerers
  14 ugly things
  3 cyclopes
  2 manticores
  4 griffons
  6 mana vipers
  2 water nymphs
  2 centaur zombies
  3 sixfirhies (Abyss:4)
  Maurice (D:8)
  10 elephants
  3 smoke demons (Abyss:4)
  3 sirens
  An orange demon (Abyss:4)
  2 ice statues (IceCv)
  9 naga magi
  28 black mambas
  8 torpor snails
  A guardian serpent (Snake:2)
  5 centaur skeletons
  12 spiny frogs
  3 gargoyles
  7 komodo dragons
  2 tengu conjurers (D:13)
  2 ancient zymes (Abyss:4)
  3 fire drakes
  6 trolls
  4 giant leeches (Lair:8)
  3 merfolk (Shoals:1)
  A wind drake (Shoals:1)
  5 raiju (Abyss:4)
  4 snapping turtles (Shoals:1)
  11 large abominations
  6 slime creatures
  4 two-headed ogres
  2 flying skulls (Abyss:4)
  14 blink frogs
  4 wraiths
  A tarantella (shapeshifter) (D:15)
  2 ynoxinuls (Abyss:4)
  A water elemental (D:15)
  A neqoxec (Abyss:4)
  A fire elemental (Abyss:4)
  11 hippogriffs
  4 hogs (Snake:1)
  Grum (D:8)
  65 yaks
  2 hungry ghosts
  11 vampire mosquitoes
  4 steam dragons
  2 basilisks
  12 water moccasins
  7 wolves
  2 chaos spawn (Abyss:4)
  32 nagas
  Edmund (D:4)
  4 insubstantial wisps (Abyss:4)
  6 wargs
  A mottled dragon (Lair:8)
  A swamp drake (Lair:8)
  6 sky beasts
  8 porcupines
  A black bear (D:6)
  32 orc warriors
  3 wasps (Lair:8)
  17 ice beasts
  25 crocodiles
  4 slaves (D:7)
  3 phantoms
  15 ogres
  2 eyes of draining
  5 centaurs
  An ogre (shapeshifter) (Abyss:4)
  A komodo dragon zombie (Lair:7)
  22 giant frogs
  3 big kobolds
  2 wyvern skeletons
  6 killer bees (D:12)
  5 scorpions
  9 electric eels
  5 wights (D:8)
  6 crimson imps
  7 small abominations
  20 orc priests
  A jelly (D:11)
  A quasit (D:14)
  2 giant frog skeletons
  9 hounds
  29 orc wizards
  11 iguanas
  6 worker ants
  12 sheep
  A crocodile zombie (Lair:7)
  A hound skeleton (D:7)
  3 worker ant zombies
  3 gnolls (D:5)
  Robin (D:3)
  62 river rats
  7 adders
  13 white imps
  3 shadow imps
  3 oozes
  An adder zombie (D:5)
  19 worms
  15 giant geckos
  79 orcs
  2 ball pythons
  4 giant cockroaches
  10 goblins
  8 hobgoblins
  17 kobolds
  4 bats
  A giant cockroach zombie (D:5)
  8 giant newts
  8 jackals
  A jackal skeleton (D:4)
  5 quokkas
  2 quokka skeletons
  9 rats
  3 bushes
  4 fungi (D:6)
  A lurking horror (Abyss:4)
  3 plants
  2 starspawn tentacles (Abyss:4)
1098 creatures vanquished.

Vanquished Creatures (collateral kills)
  An orc (D:10)
1 creature vanquished.

Vanquished Creatures (others)
  Kirke (Snake:1)
  A basilisk (Lair:8)
  A small abomination (Abyss:4)
  5 fungi
  7 plants
  8 starspawn tentacle segments (Abyss:4)
  17 toadstools (D:7)
40 creatures vanquished.

Grand Total: 1139 creatures vanquished

Notes
Turn   | Place    | Note
--------------------------------------------------------------
     0 | D:1      | George the Minotaur Fighter began the quest for the Orb.
     0 | D:1      | Reached XP level 1. HP: 19/19 MP: 0/0
    97 | D:1      | Reached XP level 2. HP: 24/26 MP: 1/1
   456 | D:2      | Reached skill level 4 in Long Blades
   527 | D:2      | Reached XP level 3. HP: 31/31 MP: 2/2
   593 | D:2      | Found a sacrificial altar of Ru.
  1132 | D:2      | Reached skill level 5 in Long Blades
  1410 | D:3      | Reached XP level 4. HP: 25/39 MP: 3/3
  1562 | D:3      | Noticed Robin
  1586 | D:3      | Reached skill level 6 in Long Blades
  1601 | D:3      | Killed Robin
  1703 | D:3      | Found a basalt altar of Yredelemnul.
  1703 | D:3      | Found a shattered altar of Ashenzari.
  1834 | D:3      | Reached XP level 5. HP: 45/45 MP: 4/4
  1835 | D:3      | Found a glowing golden altar of the Shining One.
  1974 | D:4      | Noticed Edmund
  1988 | D:4      | Killed Edmund
  1988 | D:4      | Reached skill level 7 in Long Blades
  2091 | D:4      | Reached XP level 6. HP: 47/51 MP: 5/5
  2104 | D:4      | Got a pair of translucent gloves
  2110 | D:4      | Identified the +3 pair of gloves "Dalofuesch" {Str+5 Stlth+} (You found it on level 4 of the Dungeon)
  2134 | D:4      | Reached skill level 8 in Long Blades
  2299 | D:4      | Found an iron altar of Okawaru.
  2683 | D:4      | Reached skill level 9 in Long Blades
  2693 | D:4      | Got a crystal long sword
  2694 | D:4      | Identified the +8 long sword of the Fulmar {slice, +Inv rElec MR+ Dex+3} (You found it on level 4 of the Dungeon)
  2850 | D:5      | Entered Level 5 of the Dungeon
  2868 | D:5      | Reached XP level 7. HP: 35/57 MP: 3/6
  3029 | D:5      | Found a staircase to the Ecumenical Temple.
  3036 | Temple   | Entered the Ecumenical Temple
  3364 | D:5      | Found a glowing silver altar of Zin.
  3460 | D:5      | Reached skill level 10 in Long Blades
  3976 | D:5      | Got a dazzling hand crossbow
  3977 | D:5      | Identified the cursed +1 hand crossbow "Gaguah" {venom, rC+} (You found it on level 5 of the Dungeon)
  4033 | D:6      | Reached skill level 11 in Long Blades
  4121 | D:6      | Reached XP level 8. HP: 64/64 MP: 7/7
  4171 | D:6      | Reached skill level 12 in Long Blades
  4774 | D:7      | Noticed Pikel
  4804 | D:7      | Killed Pikel
  4804 | D:7      | Reached skill level 13 in Long Blades
  4838 | D:7      | Noticed WhatIsLove's ghost (novice DsGl)
  4861 | D:7      | Killed WhatIsLove's ghost
  4861 | D:7      | Reached skill level 1 in Dodging
  4861 | D:7      | Reached XP level 9. HP: 56/72 MP: 8/8
  5215 | D:7      | Reached skill level 5 in Shields
  5292 | D:7      | Reached skill level 5 in Fighting
  5303 | D:7      | Reached skill level 5 in Armour
  5672 | D:7      | Found a blossoming altar of Fedhas.
  5694 | D:7      | Noticed an oklob plant
  5863 | D:8      | Reached skill level 14 in Long Blades
  5890 | D:8      | Found an oddly glowing altar of Pakellas.
  5901 | D:8      | Became a worshipper of Pakellas the Inventive
  5987 | D:8      | Noticed Grum
  5997 | D:8      | Killed Grum
  5997 | D:8      | Reached skill level 1 in Evocations
  6005 | D:8      | Reached XP level 10. HP: 38/83 MP: 9/9
  6245 | D:8      | Noticed Maurice
  6253 | D:8      | Killed Maurice
  6456 | D:8      | Reached * piety under Pakellas
  6487 | D:8      | Found a blossoming altar of Fedhas.
  6707 | D:9      | Found Videu's Gadget Boutique.
  6994 | D:9      | Noticed a deep elf mage
  7001 | D:9      | Killed a deep elf mage
  7213 | D:9      | Reached ** piety under Pakellas
  7213 | D:9      | Received a gift from Pakellas
  7366 | D:10     | Entered Level 10 of the Dungeon
  7407 | D:10     | Found a staircase to the Lair.
  7433 | D:10     | Noticed a hill giant
  7442 | D:10     | Killed a hill giant
  7578 | D:10     | Reached skill level 5 in Dodging
  7987 | D:10     | Reached XP level 11. HP: 82/92 MP: 13/13
  8076 | D:10     | Noticed Nergalle
  8281 | D:10     | Killed Nergalle
  8680 | D:11     | Reached *** piety under Pakellas
  8683 | D:11     | Found a frozen archway.
  8827 | IceCv    | Entered an ice cave
  8838 | IceCv    | Reached skill level 5 in Evocations
  9314 | IceCv    | Noticed an ice dragon
  9322 | IceCv    | Noticed an ice dragon
  9334 | IceCv    | Killed an ice dragon
  9338 | IceCv    | Killed an ice dragon
  9413 | IceCv    | Got a steaming bone ring
  9753 | D:11     | Noticed a hill giant
  9761 | D:11     | Killed a hill giant
  9791 | D:11     | Reached skill level 15 in Long Blades
 10182 | D:11     | Found a staircase to the Orcish Mines.
 10286 | D:11     | Found a roughly hewn altar of Beogh.
 10293 | D:11     | Reached **** piety under Pakellas
 10293 | D:11     | Received a gift from Pakellas
 10316 | D:11     | Identified a +5 rod of destruction (13/13) (Pakellas gifted it to you on level 11 of the Dungeon)
 10369 | D:11     | Identified the ring of Ugufaf {rElec rF- MP+9 Str+4} (You found it in an ice cave)
 10501 | D:11     | Noticed a hill giant
 10511 | D:11     | Killed a hill giant
 10655 | D:11     | Noticed a hill giant
 10659 | D:11     | Killed a hill giant
 10667 | D:11     | Reached XP level 12. HP: 65/103 MP: 12/16
 10871 | Lair:1   | Entered Level 1 of the Lair of Beasts
 11052 | Lair:1   | Lost intelligence.
 11099 | Lair:1   | Noticed an eight-headed hydra
 11105 | Lair:1   | Killed an eight-headed hydra
 11115 | Lair:1   | Reached ***** piety under Pakellas
 11992 | Lair:2   | Noticed confidenceinterval's ghost (journeyman MiFi)
 12016 | Lair:2   | Killed confidenceinterval's ghost
 12701 | Lair:3   | Reached XP level 13. HP: 113/113 MP: 18/18
 12740 | Lair:3   | Reached ****** piety under Pakellas
 12855 | Lair:3   | Reached skill level 10 in Fighting
 13686 | Lair:4   | Reached skill level 10 in Armour
 13768 | Lair:4   | Reached skill level 10 in Shields
 14012 | Lair:4   | Found a staircase to the Snake Pit.
 14088 | Lair:4   | Reached skill level 16 in Long Blades
 14222 | Lair:4   | Received a gift from Pakellas
 14692 | Lair:5   | Found a staircase to the Shoals.
 14971 | Lair:5   | Noticed conein's ghost (journeyman MiFi)
 15013 | Lair:5   | Killed conein's ghost
 15710 | Lair:6   | Reached skill level 10 in Evocations
 16478 | Lair:7   | Got a pair of ancient boots
 16484 | Lair:7   | Identified the +0 pair of boots "Azounor" {*Corrode rPois Regen+ Int+4} (You found it on level 7 of the Lair of Beasts)
 16737 | Lair:7   | Reached XP level 14. HP: 108/122 MP: 20/20
 17267 | Lair:8   | Entered Level 8 of the Lair of Beasts
 17323 | Lair:8   | Found a staircase to the Slime Pits.
 17323 | Lair:8   | Found a viscous altar of Jiyva.
 17590 | Lair:8   | Found a runed door.
 18669 | Orc:1    | Entered Level 1 of the Orcish Mines
 18935 | Orc:1    | Found a burning altar of Makhleb.
 19104 | Orc:2    | Entered Level 2 of the Orcish Mines
 19209 | Orc:2    | Found a staircase to the Elven Halls.
 19259 | Orc:2    | Noticed Rupert
 19277 | Orc:2    | Gained mutation: You expend magic power (3 MP) to strengthen your wands. [a neqoxec]
 19321 | Orc:1    | Killed Rupert
 19488 | Orc:2    | Noticed Donald
 19488 | Orc:2    | Noticed tof's ghost (journeyman MiMo)
 19551 | Orc:1    | Killed Donald
 19604 | Orc:2    | Killed tof's ghost
 19606 | Orc:2    | Reached skill level 10 in Dodging
 19619 | Orc:2    | Received a gift from Pakellas
 20152 | Orc:2    | Noticed an orc warlord
 20371 | Orc:1    | Reached XP level 15. HP: 78/132 MP: 22/22
 20681 | Orc:2    | Reached skill level 17 in Long Blades
 20708 | Orc:2    | Found Pijenn Qyrho's General Store.
 20709 | Orc:2    | Found Xostraoh's Jewellery Shoppe.
 20710 | Orc:2    | Found Oschihuel's Antique Armour Emporium.
 20710 | Orc:2    | Found Zuliych's Antique Weapon Emporium.
 20806 | Orc:2    | Bought a shiny plate armour for 483 gold pieces
 21080 | D:12     | Found a portal to a secret trove of treasure.
 21357 | D:12     | Noticed Nessos
 21363 | D:12     | Killed Nessos
 21472 | D:12     | Found a shattered altar of Ashenzari.
 22491 | D:14     | Found a gate to the Vaults.
 22838 | D:14     | Found an oddly glowing altar of Pakellas.
 22917 | D:14     | Noticed Frances
 22927 | D:14     | Killed Frances
 23224 | D:15     | Entered Level 15 of the Dungeon
 23539 | D:15     | Found a staircase to the Depths.
 23845 | D:15     | Upgraded the game from 0.18-a0-824-g47fe746 to 0.18-a0-844-g9229740
 24105 | Snake:1  | Entered Level 1 of the Snake Pit
 24292 | Snake:1  | Reached XP level 16. HP: 141/141 MP: 22/24
 25010 | Snake:1  | Noticed Kirke
 25027 | Snake:1  | Killed Kirke
 25299 | Snake:1  | Received a gift from Pakellas
 25582 | Snake:2  | Identified a +2 rod of inaccuracy (12/12) (Pakellas gifted it to you on level 1 of the Snake Pit)
 26087 | Snake:2  | Found a flickering gateway to a bazaar.
 26095 | Bazaar   | Entered a bazaar
 26116 | Bazaar   | Found Qunyut's Food Boutique.
 26130 | Bazaar   | Found Yczeomno's Food Shop.
 26144 | Bazaar   | Found Wid Josto's Food Boutique.
 26173 | Bazaar   | Found Pen Enoi's Food Boutique.
 26187 | Bazaar   | Found Ywnisuo's Distillery.
 26195 | Bazaar   | Bought 2 potions of curing for 66 gold pieces
 26195 | Bazaar   | Bought a potion of curing for 33 gold pieces
 26195 | Bazaar   | Bought a potion of haste for 110 gold pieces
 26195 | Bazaar   | Bought a potion of curing for 33 gold pieces
 26195 | Bazaar   | Bought a potion of heal wounds for 55 gold pieces
 26640 | Snake:2  | Noticed Aizul
 26657 | Snake:2  | Killed Aizul
 27068 | Snake:3  | Identified a scroll of acquirement
 27259 | Snake:3  | Reached skill level 18 in Long Blades
 27501 | Snake:3  | Got a pair of jewelled gloves
 27512 | Snake:3  | Identified the +2 pair of gloves of the Wilderness {rF++ rCorr} (You acquired it on level 3 of the Snake Pit)
 27703 | Shoals:1 | Entered Level 1 of the Shoals
 27775 | Shoals:1 | Found Iskaurgh's Armour Shoppe.
 27853 | Shoals:1 | Reached XP level 17. HP: 139/151 MP: 22/26
 28803 | Shoals:2 | Noticed Louise
 28804 | Shoals:2 | Cast into level 3 of the Abyss (Louise)
 28873 | Abyss:3  | Found a deep blue altar of Sif Muna.
 29133 | Abyss:4  | Noticed a bone dragon
 29461 | Abyss:4  | Noticed a bone dragon
 29506 | Abyss:4  | Killed a bone dragon
 29506 | Abyss:4  | HP: 3/152 [wretched star/orb of energy (30)]
 29511 | Abyss:4  | HP: 5/136 [wretched star/orb of energy (19)]
 29583 | Abyss:4  | Noticed a profane servitor
 29758 | Abyss:4  | Noticed a lich
 29776 | Abyss:4  | Killed a lich
 29805 | Abyss:4  | Killed themself with a bounced bolt of cold

Vault maps used:
D:1:      lemuel_arrival_rhombus, dk_noncrumbling_3, solitary_fountain
D:2:      old_standard_altar
D:3:      marbit_many_paths, gammafunk_temple_overflow_wave, first_bread,
          uniq_robin
D:4:      okawaru_metal_pillars_1_2, uniq_edmund
D:5:      zin_statuary, temple_green
D:6:      water_boxes_lemuel
D:7:      wad_river_or_something, tgw_fedhas, uniq_pikel
D:8:      kennysheep_mini, hangedman_tree_tricks, minivault_14, uniq_grum,
          uniq_maurice
D:9:      serial_shops, nicolae_shop_trees
D:10:     minmay_flawed_box, minmay_lair_entry_lava,
          hangedman_abyss_or_decor_passed, uniq_nergalle
D:11:     minmay_orc_entry_temple_small, portal_ice_cave_entry_imps
D:12:     enter_trove_5, nicolae_ashenzari_panopticon, uniq_nessos
D:13:     st_stairs_11, minmay_hedge_maze, grunt_ministairs_1
D:14:     erik_vaults_1, minmay_misc_feat_five, johnstein_pakellas_dig,
          uniq_frances
D:15:     grunt_enter_depths_hoard, kennysheep_crisscross
Temple:   zaba_magenta_temple_12
Lair:1:   serial_bayou_shore_b, grunt_megastairs_1
Lair:3:   lemuel_reptile_caves, grunt_megastairs_5
Lair:4:   guppyfry_snake_entry_garden
Lair:5:   elwin_shoals_entry_rocks
Lair:6:   nicolae_quartered_pool_little
Lair:7:   pond_and_an_island_with_a_cottage, infiniplex_staircase_pool
Lair:8:   guppyfry_lair_end_dragon, wormcave, slime_altar_1, grunt_megastairs_4
Shoals:1: serial_shops, nicolae_shop_stone
Shoals:2: uniq_louise
Snake:1:  uniq_kirke
Snake:2:  serial_shops, bzr_entry_dummy, uniq_aizul
Snake:3:  st_stairs_5
Orc:1:    bloody_makhleb
Orc:2:    st_orc_congregation, uniq_rupert, uniq_donald
Abyss:3:  evilmike_abyss_rune_ettins, evilmike_abyss_exit_3
Abyss:4:  bh_abyss_exit_grid, hangedman_elemental_corridor,
          nicolae_abyss_rune_more_like_crabyss
Bazaar:   bazaar_minmay_snake
IceCv:    ice_cave_small_dragons

Action                   |  1- 3 |  4- 6 |  7- 9 | 10-12 | 13-15 | 16-18 || total
-------------------------+-------+-------+-------+-------+-------+-------++-------
Melee: Long sword        |    77 |    51 |   208 |   571 |  1633 |  1053 ||  3593
       Falchion          |       |    50 |       |       |       |       ||    50
       Rod               |       |       |       |       |     1 |       ||     1
Invok: Quick Charge      |       |       |       |       |     2 |     5 ||     7
Evoke: Wand              |       |       |       |    17 |     2 |    17 ||    36
       Rod               |       |       |       |     9 |    21 |    17 ||    47
  Use: Scroll            |       |       |    21 |     7 |     6 |     9 ||    43
       Potion            |       |       |     2 |     5 |       |     3 ||    10
 Stab: Distracted        |       |       |       |       |       |     1 ||     1
  Eat: Chunk             |     1 |     5 |    11 |    24 |    40 |    17 ||    98
       Pizza             |       |       |       |       |     1 |     2 ||     3
